 Dungeon Crawl Stone Soup version 0.18.1-8-gdd0e5ea (webtiles) character file.

47 matakusis the Ducker (level 3, -1/27 HPs)
             Began as a Demonspawn Gladiator on May 31, 2016.
             Slain by Sigmund
             ... wielding a +0 scythe
              (11 damage)
             ... on level 2 of the Dungeon.
             The game lasted 00:10:25 (2013 turns).

matakusis the Ducker (Demonspawn Gladiator)         Turns: 2013, Time: 00:10:26

Health: -1/27      AC:  6    Str: 16    XL:     3   Next: 48%
Magic:  3/3        EV: 13    Int:  9    God:
Gold:   56         SH:  0    Dex: 13    Spells: 0 memorised, 2 levels left

rFire  . . .     SeeInvis +     a - +0 war axe
rCold  . . .     Gourm    .     b - +0 leather armour
rNeg   . . .     Faith    .     (no shield)
rPois  .         Spirit   .     c - +0 helmet
rElec  .         Dismiss  .     (no cloak)
rCorr  .         Reflect  .     (no gloves)
SustAt +         Harm     .     (no boots)
MR     .....                    (no amulet)
Stlth  +.........               n - ring of see invisible
                                p - ring of sustain attributes

@: not resistant to hostile enchantments, very unstealthy
A: claws 1, slimy green scales 1
a: no special abilities


You were on level 2 of the Dungeon.
You were very hungry.

You visited 1 branch of the dungeon, and saw 2 of its levels.

You collected 56 gold pieces.

Inventory:

Hand Weapons
 a - a +0 war axe (weapon)
Missiles
 d - 3 throwing nets (quivered)
Armour
 b - a +0 leather armour (worn)
 c - a +0 helmet (worn)
Jewellery
 j - an uncursed ring of ice
 n - a ring of see invisible (right claw)
 p - a ring of sustain attributes (left claw)
Scrolls
 e - a scroll of identify {unknown}
 h - a scroll of teleportation {unknown}
 k - a scroll of blinking {unknown}
 l - a scroll of remove curse {unknown}
Potions
 g - a potion of cancellation {unknown}
 m - a potion of haste {unknown}
 o - a potion of invisibility {unknown}
Comestibles
 f - a bread ration
 i - a fruit
 q - a meat ration


   Skills:
 + Level 2.2 Fighting
 + Level 3.2 Axes
 + Level 1.8 Throwing
 + Level 1.0 Armour
 + Level 3.2 Dodging


You had 2 spell levels left.
You didn't know any spells.

Dungeon Overview and Level Annotations

Branches:
Dungeon (2/15)

Altars:

Annotations:
D:2 Sigmund


Innate Abilities, Weirdness & Mutations

You have sharp fingernails.
You are partially covered in slimy green scales (AC +2).


Message History

Sigmund is nearby!
Sigmund hits you from afar with a scythe!
Sigmund closely misses you.
Sigmund is nearby!
Sigmund barely misses you. Sigmund misses you.
Sigmund screams, "I am the angel of ZOT!!!"
Sigmund gestures wildly while chanting.
Sigmund flickers and vanishes for a moment.
Sigmund hits you from afar with a scythe.
Sigmund points at you and mumbles some strange words.
You resist with significant effort. Sigmund casts a spell at you.
The puff of flame hits you! Sigmund closely misses you.
Sigmund closely misses you. Sigmund barely misses you.
Sigmund closely misses you.
Sigmund hits you from afar with a scythe!
You die...

#.# ######### #.#
#.......# #.# #[......#
#.# ####.......# ####
###.# #..........# .....
....# #..........###.....
.######...?..............
.#.......................
................@....#
......#.......@......#
.#....#####.##.......#
.###### #.##.......# .#
#.##.......# .#
#.##.......# .#
#.########## .# #.# .#
#.#


You could see Sigmund (invisible).

Vanquished Creatures
  2 adders (D:2)
  A dart slug (D:1)
  2 giant geckos
  3 giant cockroaches (D:1)
  A goblin (D:1)
  4 hobgoblins (D:1)
  A kobold (D:1)
  6 bats (D:1)
  A giant newt (D:1)
  4 rats (D:1)
25 creatures vanquished.

Notes
Turn   | Place    | Note
--------------------------------------------------------------
     0 | D:1      | matakusis the Demonspawn Gladiator began the quest for the Orb.
     0 | D:1      | Reached XP level 1. HP: 16/16 MP: 1/1
   208 | D:1      | Gained mutation: You are partially covered in slimy green scales (AC +2). [demonic ancestry]
   208 | D:1      | Reached XP level 2. HP: 6/22 MP: 2/2
  1738 | D:2      | Gained mutation: You have sharp fingernails. [demonic ancestry]
  1738 | D:2      | Reached XP level 3. HP: 21/27 MP: 3/3
  1740 | D:2      | Reached skill level 1 in Armour
  1988 | D:2      | Noticed Sigmund
  2013 | D:2      | Slain by Sigmund

Skill      XL: |  1  2  3 |
---------------+----------+-----
Axes           | 3 |  3.2
Dodging        | 3 |  3.2
Armour         | 1 |  1.0
Fighting       | |  2.2
Throwing       | |  1.8

Action                   || total
-------------------------++-------
Melee: War axe           ||    61
  Eat: Chunk             ||     2
Armor: Leather armour    ||    46
Dodge: Dodged            ||    66
